 Dungeon Crawl Stone Soup version 0.31.0-9-g3a7656b989 (webtiles) character file.

Game seed: 2744374730711827301

197245 qw the Acrobat (level 18, -15/119 HPs)
             Began as a Deep Elf Hunter on Feb 3, 2024.
             Was a High Priest of Okawaru.
             Killed by the raging water
             ... invoked by a water nymph
              (26 damage)
             ... on level 4 of the Shoals.
             The game lasted 00:18:09 (31733 turns).

qw the Acrobat (Deep Elf Hunter)                   Turns: 31733, Time: 00:18:10

Health: -15/119    AC: 17    Str: 12    XL:     18   Next: 18%
Magic:  27/27      EV: 33    Int: 17    God:    Okawaru [*****.]
Gold:   1177       SH:  5    Dex: 24    Spells: 17/17 levels left

rFire   + . .        n - +9 longbow (drain)
rCold   + . .        (shield currently unavailable)
rNeg    . . .        d - +2 swamp dragon scales
rPois   +            g - +0 hat {SInv}
rElec   +            j - scarf of Tac Nuc {rC+ rF+, rElec}
rCorr   .            D - +2 pair of gloves {hurl}
SInv    +            w - +0 pair of boots
Will    +....        E - amulet of reflection
Stlth   +            Y - +5 ring of evasion
HPRegen 0.39/turn    o - +6 ring of dexterity
MPRegen 0.20/turn

%: reflection
@: about to teleport, very slow
A: clumsy 1
a: Renounce Religion, Heroism, Finesse, Duel


You were on level 4 of the Shoals.
You worshipped Okawaru.
Okawaru was extremely pleased with you.
You visited 6 branches of the dungeon, and saw 30 of its levels.
You also visited: Gauntlet.

You collected 3420 gold pieces.
You spent 2243 gold pieces at shops.


Innate Abilities, Weirdness & Mutations

You are clumsy. (Dex -2)


   Skills:
 - Level 15.0 Fighting
 - Level 21.0 Ranged Weapons
 - Level 10.0 Armour
 + Level 22.6 Dodging
 - Level 1.2 Stealth
 - Level 10.0 Invocations


You had 17 spell levels left.
You didn't know any spells.
Your spell library was empty.

Inventory:

Hand Weapons
 n - a +9 longbow of draining (weapon)
Armour
 b - a +0 cloak
 c - a +0 ring mail of fire resistance
 d - +2 swamp dragon scales (worn)
 g - a +0 hat of see invisible (worn)
 j - the scarf of Tac Nuc (worn) {rC+ rF+, rElec}
   (Okawaru gifted it to you on level 14 of the Dungeon)

   rElec:     It insulates you from electricity.
 k - the +1 scale mail of Xiklokk {rN+++ Regen+ Dex+3 Slay-3}
   (You bought it in a shop on level 3 of the Shoals)

   Dex+3:     It affects your dexterity (+3).
   Slay-3:    It affects your accuracy & damage with ranged weapons and melee
   (-3).
   rN+++:     It renders you almost immune to negative energy.
   Regen+:    It increases your rate of health regeneration.
 w - a +0 pair of boots (worn)
 y - a +2 helmet
 D - a +2 pair of gloves of hurling (worn)
Jewellery
 o - a +6 ring of dexterity (right hand)
 E - an amulet of reflection (around neck)
 Y - a +5 ring of evasion (left hand)
Wands
 a - a wand of mindburst (12)
 f - a wand of polymorph (8)
 h - a wand of digging (5)
 m - a wand of quicksilver (12)
 q - a wand of charming (5)
 r - a wand of iceblast (32)
Scrolls
 l - 4 scrolls of enchant weapon
 s - 6 scrolls of teleportation
 x - 15 scrolls of identify
Potions
 e - 7 potions of enlightenment
 i - 6 potions of mutation
 p - 9 potions of curing
 u - 2 potions of magic
 v - 7 potions of might
 z - a potion of haste
 B - 3 potions of resistance

Dungeon Overview and Level Annotations

Branches:
Dungeon (15/15)            Temple (1/1) D:7            Lair (5/5) D:8
 Shoals (4/4) Lair:3        Snake (3/4) Lair:3        Slime (0/5) Lair:5
    Orc (2/2) D:12            Elf (0/3) Orc:2        Vaults (0/5) D:14
 Depths (0/4) D:15        Gauntlet (visited)

Altars:
Ashenzari
Cheibriados
Dithmenos
Elyvilon
Fedhas
Gozag
Hepliaklqana
Kikubaaqudgha
Makhleb
Nemelex Xobeh
Okawaru
Qazlal
Ru
Sif Muna
Trog
Uskayaw
Vehumet
Wu Jian
Xom
Yredelemnul
Zin
The Shining One
Jiyva

Shops:
Orc:2 (=[(!==   Shoals:2 :=   Shoals:3 *([   Shoals:4 (   Snake:3 :

Annotations:
Lair:2 3 runed translucent doors, qw's ghost, journeyman DEHu
Lair:3 exclusion: 2 oklob plants
Shoals:2 1 runed translucent door, xzight's ghost, adept MiBe
Orc:2 1 runed translucent door, qw's ghost, journeyman GrHu


Message History

You shoot an arrow. The arrow hits the merfolk!!
You drain the merfolk.
The merfolk is severely wounded.
You shoot an arrow. The arrow hits the merfolk!!
You kill the merfolk!
Okawaru accepts your kill.
You hear a splash. x3
You start resting.
Splash!
You fall into the shallow water.
Moving in this stuff is going to be slow.
HP restored.
You see here the serpent talisman "Pysoch" {rElec Slay+3}.
A satyr and 2 water nymphs come into view.
Found 31 gold pieces.
The water nymph shouts!
You hear a shout!
The water nymph gestures at you while chanting.
The water swirls and strikes you!!
The satyr unwields a +0 spear.
The satyr wields a +0 longbow.
The satyr shoots an arrow.
The arrow hits you!!
You shoot an arrow. The arrow hits the satyr.
The satyr is lightly wounded.
You hear a splash.
You shoot an arrow. The arrow hits the satyr.
You drain the satyr.
The satyr is lightly wounded.
The water nymph points at you and mumbles some strange words.
The water swirls and strikes you!!
You shoot an arrow.
The arrow closely misses the water nymph.
The water nymph points at you and mumbles some strange words.
The water swirls and strikes you!!
A merfolk comes into view.
It is wielding the +4 falchion "Dragon's Tongue" {vamp, Str+5}.
31731 ||| READING 7 scrolls of teleportation.
As you read the scroll of teleportation, it crumbles to dust.
You feel strangely unstable.
You shoot an arrow.
The arrow barely misses the water nymph.
You shoot an arrow. The arrow hits the water nymph!!
The water nymph is heavily wounded.
The water nymph casts a spell at you. The water swirls and strikes you!!
You die...

...~~~~~#######~~~~~~~~~~
...~~~~## ###~~~~~~~~
...~~~## #~|~~~~~~~
...~~~~# ~ #~~~~~~~~~
...~~~## ~~ #~~~~~~~~~
..~~~~~# ~#$#~ #~~~~~~~~~
..~~~~~# ~~~~m~#~~~~~~~~~
.~~~~~~# #~~cm#~~~~~~~~~
~~~~~~~ #m@~~~~~~~~
~~~~~~ #~~~~~~~~~~~ ~~~~~
~~~~~~~~~~~~~
~~~~~~~~~~~~~~~
~~~~~~~~~~~~~~~
~~~~~~~~~~~~~~~
~~~~~~~~~~~~~~~
~~~~~~~~~~~~~~~


You could see a satyr (drained), a merfolk and 2 water nymphs.

Vanquished Creatures
  Mlioglotl (Shoals:4)
  Gastronok (Lair:2)
  Kirke (Snake:1)
  Aizul (Shoals:4)
  Louise (Snake:1)
  An orc warlord (Orc:2)
  An ironbound preserver (D:14)
  A minotaur (Gauntlet)
  Nessos (Orc:2)
  12 merfolk impalers
  7 merfolk javelineers
  2 ice dragons (D:15)
  A salamander tyrant (Snake:3)
  6 hydras
  6 two-headed ogres
  An alligator snapping turtle (Shoals:4)
  5 boulder beetles
  8 merfolk aquamancers
  3 merfolk avatars
  12 naga warriors
  8 anacondas
  6 tengu warriors
  2 satyrs
  A hell hog (Lair:5)
  9 centaur warriors
  An orc high priest (Orc:2)
  6 naga sharpshooters
  3 death yaks (Lair:5)
  3 salamander mystics
  8 shock serpents
  5 skeletal warriors (D:12)
  9 skysharks
  24 sea snakes
  6 mana vipers
  A kraken simulacrum (Shoals:4)
  3 naga ritualists
  2 slime creatures (D:13)
  6 arcanists
  19 harpies
  4 ugly things
  6 orc knights
  4 deep elf pyromancers
  A wolf spider (Lair:5)
  7 salamanders
  10 cyclopes
  4 orc sorcerers (Orc:2)
  14 fauns
  11 manticores
  Maurice (D:7)
  26 black mambas
  10 merfolk sirens
  2 ice statues (Snake:3)
  7 kobold blastminers
  2 water nymphs
  5 guardian serpents
  An elephant (D:8)
  11 naga magi
  14 cane toads
  Maggie (D:6)
  A kobold demonologist (D:11)
  4 rime drakes
  A minotaur zombie (Gauntlet)
  A freezing wraith (D:14)
  A yaktaur (D:14)
  2 komodo dragons
  4 tengu conjurers
  2 burning bushes (Lair:4)
  4 trolls
  A wolf spider simulacrum (D:14)
  37 merfolk
  11 polar bears
  5 blink frogs (Lair:2)
  6 wind drakes
  3 raiju (Lair:5)
  6 hornets
  3 snapping turtles
  A jumping spider (shapeshifter) (D:14)
  12 dream sheep
  3 shadows (Gauntlet)
  12 water elementals
  A vampire (D:12)
  14 wyverns
  A wraith (D:10)
  27 yaks
  7 hogs (Snake:1)
  A hog (shapeshifter) (D:14)
  A basilisk (shapeshifter) (D:14)
  6 wargs
  7 basilisks
  2 redbacks (Lair:5)
  A steam dragon (D:6)
  5 vampire mosquitoes (D:12)
  33 nagas
  An acid dragon (D:9)
  14 hell hounds (Lair:5)
  22 water moccasins
  41 orc warriors
  14 black bears
  11 ice beasts
  An ice beast (shapeshifter) (D:14)
  10 ogres
  4 boggarts (D:14)
  19 wolves
  8 centaurs
  2 kobold brigands
  10 bullfrogs
  6 scorpions
  18 wights
  15 killer bees
  4 electric eels
  5 howler monkeys
  A hound (D:7)
  24 orc priests
  A gnoll bouda (D:6)
  Terence (D:3)
  2 iguanas
  34 orc wizards
  4 adders
  8 gnolls
  2 ufetubi (D:6)
  2 dart slugs
  3 ribbon worms
  106 orcs
  4 ball pythons
  12 endoplasms
  3 giant cockroaches
  2 hobgoblins
  4 jackals (D:3)
  4 quokkas
  5 bats
  A frilled lizard (D:3)
  4 goblins
  13 kobolds
  6 rats
1012 creatures vanquished.

Vanquished Creatures (others)
  A merfolk aquamancer (Shoals:1)
  An orc (D:12)
  7 tentacles (Shoals:4)
9 creatures vanquished.

Grand Total: 1021 creatures vanquished

Notes
Turn   | Place    | Note
-------+----------+-------------------------------------------
     0 | D:1      | qw the Deep Elf Hunter began the quest for the Orb.
     0 | D:1      | Reached XP level 1. HP: 12/12 MP: 3/3
     0 | D:1      | 0 ||| qw: Version: 0.3-a-155-g5e7d8dd
     0 | D:1      | 0 ||| qw: Game counter: 3061
     0 | D:1      | 0 ||| qw: Melee chars always use a shield: true
     0 | D:1      | 0 ||| qw: God list: Okawaru
     0 | D:1      | 0 ||| qw: Allow faded altars: false
     0 | D:1      | 0 ||| qw: Do Orc after clearing Dungeon:15 true
     0 | D:1      | 0 ||| qw: Do second Lair branch before Depths: true
     0 | D:1      | 0 ||| qw: Lair rune preference: random
     0 | D:1      | 0 ||| qw: Goals: Normal
     0 | D:1      | 0 ||| PLANNING D:1-11
   253 | D:1      | Reached skill level 6 in Ranged Weapons
   253 | D:1      | Reached XP level 2. HP: 16/16 MP: 4/4
   699 | D:1      | 699 ||| UPGRADING to +0 scale mail.
   709 | D:1      | 709 ||| DROPPING +0 leather armour.
   710 | D:1      | 710 ||| READING scroll labelled REGULI WUHUIHE.
   710 | D:1      | 710 ||| ENCHANTING +0 shortbow.
   711 | D:1      | 711 ||| READING scroll labelled JAPHA RIES JICU.
   712 | D:1      | 712 ||| READING scroll labelled REJYMO FODEUG.
   713 | D:1      | 713 ||| DROPPING scroll of butterflies.
   778 | D:2      | Reached XP level 3. HP: 16/20 MP: 5/5
  1279 | D:2      | Identified the +0 ring mail of the Barnacle {rElec Str+5
                  | Dex-2}
  1463 | D:2      | 1463 ||| UPGRADING to +0 ring mail of the Barnacle {rElec
                  | Str+5 Dex-2}.
  1473 | D:2      | 1473 ||| DROPPING amulet of magic regeneration.
  1474 | D:2      | 1474 ||| UPGRADING to ring of resist corrosion.
  1475 | D:2      | 1475 ||| READING scroll labelled ZAKAVA AXINEGU.
  1675 | D:3      | Noticed a centaur
  1676 | D:3      | Noticed Terence
  1677 | D:3      | Killed a centaur
  1678 | D:3      | Reached XP level 4. HP: 25/25 MP: 6/6
  1678 | D:3      | Reached XP level 5. HP: 29/29 MP: 7/7
  1679 | D:3      | 1679 ||| FLEEEEING.
  1680 | D:3      | 1680 ||| FLEEEEING.
  1698 | D:3      | Killed Terence
  1803 | D:3      | 1803 ||| SWAPPING to +0 orcbow.
  1804 | D:3      | 1804 ||| DROPPING +0 shortbow.
  1893 | D:3      | Reached skill level 9 in Ranged Weapons
  2435 | D:3      | 2435 ||| UPGRADING to +0 helmet.
  2440 | D:3      | 2440 ||| READING scroll labelled USUGHEDASH.
  2440 | D:3      | 2440 ||| IDENTIFYING fizzy brown potion
  2441 | D:3      | 2441 ||| READING scroll labelled BOQULL YFIEGGE.
  2446 | D:3      | 2446 ||| READING scroll labelled IHIREI MICEOLO.
  2446 | D:3      | Identified a scroll of acquirement
  2446 | D:3      | 2446 ||| ACQUIRING +5 longbow
  2446 | D:3      | Acquired a +5 longbow
  2448 | D:3      | 2448 ||| SWAPPING to +5 longbow.
  2449 | D:3      | 2449 ||| DROPPING +0 orcbow.
  2450 | D:3      | 2450 ||| READING scroll labelled QEUTOA AROA.
  2450 | D:3      | 2450 ||| BRANDING +5 longbow.
  2451 | D:3      | 2451 ||| DROPPING potion of berserk rage.
  2593 | D:4      | Found a hide-covered altar of Uskayaw.
  2672 | D:4      | Reached XP level 6. HP: 35/35 MP: 8/8
  2867 | D:4      | Reached skill level 3 in Dodging
  2886 | D:4      | Reached skill level 1 in Armour
  2941 | D:4      | Found a hazy altar of Hepliaklqana.
  3057 | D:4      | 3057 ||| DROPPING +0 scale mail.
  3058 | D:4      | 3058 ||| READING 2 scrolls of identify.
  3058 | D:4      | 3058 ||| IDENTIFYING fuming white potion
  3059 | D:4      | 3059 ||| READING scroll of identify.
  3059 | D:4      | 3059 ||| IDENTIFYING murky green potion
  3060 | D:4      | 3060 ||| READING scroll labelled YNIEKU CEREO.
  3061 | D:4      | 3061 ||| READING scroll labelled KULETWOXEMN.
  3062 | D:4      | 3062 ||| DRINKING 2 bubbling emerald potions.
  3064 | D:4      | 3064 ||| Stepping ~*~*~tactically~*~*~ (cloud).
  3169 | D:5      | Entered Level 5 of the Dungeon
  3209 | D:5      | HP: 3/35 [ogre/+0 giant club (11)]
  3211 | D:5      | Reached XP level 7. HP: 4/40 MP: 9/9
  3354 | D:5      | Found an opulent altar of Gozag.
  3824 | D:5      | Found a shimmering blue altar of Sif Muna.
  3882 | D:5      | 3882 ||| UPGRADING to ring of see invisible.
  3883 | D:5      | 3883 ||| READING scroll of identify.
  3883 | D:5      | 3883 ||| IDENTIFYING bubbling red potion
  3884 | D:5      | 3884 ||| READING scroll labelled LEUNKA UTOCLI.
  3885 | D:5      | 3885 ||| READING scroll labelled WAUT KOCRI.
  3885 | D:5      | 3885 ||| ENCHANTING +5 longbow of draining.
  3886 | D:5      | 3886 ||| DROPPING potion of invisibility.
  3960 | D:6      | Noticed Maggie
  3961 | D:6      | 3961 ||| DRINKING potion of haste.
  3962 | D:6      | 3962 ||| FLEEEEING.
  3963 | D:6      | 3963 ||| FLEEEEING.
  3974 | D:6      | Killed Maggie
  3975 | D:6      | Reached skill level 12 in Ranged Weapons
  3975 | D:6      | Reached XP level 8. HP: 28/44 MP: 10/10
  4077 | D:6      | Identified the +1 leather armour of Suafeg {*Corrode rN++
                  | Int+3 Dex+4}
  4128 | D:6      | Reached skill level 3 in Fighting
  4320 | D:6      | Reached skill level 4 in Dodging
  4382 | D:6      | 4382 ||| UPGRADING to +2 hat.
  4392 | D:6      | 4392 ||| DROPPING +0 helmet.
  4393 | D:6      | 4393 ||| UPGRADING to +0 swamp dragon scales.
  4403 | D:6      | 4403 ||| DROPPING +1 leather armour of Suafeg {*Corrode
                  | rN++ Int+3 Dex+4}.
  4404 | D:6      | 4404 ||| DROPPING +0 ring mail of the Barnacle {rElec Str+5
                  | Dex-2}.
  4405 | D:6      | 4405 ||| DROPPING +0 ring mail.
  4406 | D:6      | 4406 ||| READING 2 scrolls of identify.
  4406 | D:6      | 4406 ||| IDENTIFYING blue potion
  4407 | D:6      | 4407 ||| READING scroll of identify.
  4407 | D:6      | 4407 ||| IDENTIFYING sedimented inky potion
  4408 | D:6      | 4408 ||| DRINKING 2 fuming brown potions.
  4409 | D:6      | 4409 ||| DROPPING potion of ambrosia.
  4454 | D:7      | 4454 ||| STAIRDANCE
  4498 | D:7      | Noticed Maurice
  4508 | D:7      | Killed Maurice
  4509 | D:7      | Reached skill level 6 in Dodging
  4509 | D:7      | Reached XP level 9. HP: 46/50 MP: 11/11
  4552 | D:7      | Found a sacrificial altar of Ru.
  4679 | D:7      | Reached skill level 15 in Ranged Weapons
  4682 | D:7      | Found a staircase to the Ecumenical Temple.
  4683 | D:7      | 4683 ||| PLANNING TEMPLE
  4683 | D:7      | 4683 ||| UPGRADING to +0 cloak.
  4688 | D:7      | 4688 ||| READING scroll labelled VIQIUH MUQEZ.
  4689 | D:7      | 4689 ||| READING scroll labelled FURUDA OBIORUJ.
  4690 | D:7      | 4690 ||| DROPPING wand of flame (13).
  4718 | Temple   | Entered the Ecumenical Temple
  4719 | Temple   | 4719 ||| PLANNING OKAWARU WORSHIP
  4744 | Temple   | Became a worshipper of Warmaster Okawaru
  4745 | Temple   | 4745 ||| PLANNING D:1-11
  4862 | D:7      | 4862 ||| RETREEEEATING.
  5276 | D:8      | 5276 ||| STAIRDANCE
  5293 | D:8      | 5293 ||| STAIRDANCE
  5295 | D:8      | 5295 ||| STAIRDANCE
  5297 | D:7      | 5297 ||| DRINKING 2 potions of curing.
  5297 | D:7      | 5297 ||| (to cure confusion)
  5390 | D:8      | 5390 ||| RETREEEEATING.
  5395 | D:8      | 5395 ||| RETREEEEATING.
  5397 | D:8      | Noticed an elephant
  5398 | D:8      | 5398 ||| RETREEEEATING.
  5457 | D:8      | 5457 ||| RETREEEEATING.
  5458 | D:8      | 5458 ||| RETREEEEATING.
  5459 | D:8      | 5459 ||| RETREEEEATING.
  5460 | D:8      | 5460 ||| RETREEEEATING.
  5463 | D:8      | Reached * piety under Okawaru
  5471 | D:8      | Reached skill level 1 in Invocations
  5496 | D:8      | 5496 ||| INVOKING Heroism.
  5497 | D:8      | 5497 ||| INVOKING Heroism.
  5503 | D:8      | Killed an elephant
  5504 | D:8      | Reached XP level 10. HP: 52/56 MP: 10/13
  5580 | D:8      | Reached skill level 3 in Invocations
  5584 | D:8      | Noticed a two-headed ogre
  5585 | D:8      | 5585 ||| INVOKING Heroism.
  5594 | D:8      | Killed a two-headed ogre
  5603 | D:8      | 5603 ||| FLEEEEING.
  5604 | D:8      | 5604 ||| FLEEEEING.
  5605 | D:8      | 5605 ||| FLEEEEING.
  5606 | D:8      | 5606 ||| FLEEEEING.
  5607 | D:8      | 5607 ||| FLEEEEING.
  5608 | D:8      | 5608 ||| FLEEEEING.
  5609 | D:8      | 5609 ||| FLEEEEING.
  5610 | D:8      | 5610 ||| FLEEEEING.
  5611 | D:8      | 5611 ||| FLEEEEING.
  5612 | D:8      | 5612 ||| FLEEEEING.
  5613 | D:8      | 5613 ||| FLEEEEING.
  5614 | D:8      | 5614 ||| STAIRDANCE
  5745 | D:7      | 5745 ||| READING scroll of identify.
  5745 | D:7      | 5745 ||| IDENTIFYING scroll labelled CIRUUNI EHE
  5746 | D:7      | 5746 ||| DROPPING scroll of vulnerability.
  5973 | D:8      | Reached ** piety under Okawaru
  5981 | D:8      | Found a staircase to the Lair.
  6185 | D:8      | 6185 ||| PLANNING LAIR
  6242 | Lair:1   | Entered Level 1 of the Lair of Beasts
  6245 | Lair:1   | 6245 ||| RETREEEEATING.
  6246 | Lair:1   | 6246 ||| INVOKING Heroism.
  6247 | Lair:1   | 6247 ||| DRINKING potion of haste.
  6252 | Lair:1   | Reached skill level 18 in Ranged Weapons
  6312 | Lair:1   | Noticed a cane toad
  6313 | Lair:1   | 6313 ||| INVOKING Heroism.
  6316 | Lair:1   | Killed a cane toad
  6317 | Lair:1   | Reached skill level 7 in Dodging
  6352 | Lair:1   | Noticed a cane toad
  6353 | Lair:1   | 6353 ||| INVOKING Heroism.
  6357 | Lair:1   | Killed a cane toad
  6452 | Lair:1   | 6452 ||| RETREEEEATING.
  6457 | Lair:1   | 6457 ||| RETREEEEATING.
  6564 | Lair:1   | Reached *** piety under Okawaru
  6633 | Lair:1   | Reached XP level 11. HP: 63/63 MP: 16/16
  6986 | Lair:1   | Identified the ring of Xom's Entertainment {rC+ Stlth+}
  7176 | Lair:1   | Noticed a boulder beetle
  7178 | Lair:1   | 7178 ||| INVOKING Heroism.
  7187 | Lair:1   | Killed a boulder beetle
  7239 | Lair:1   | 7239 ||| UPGRADING to +0 pair of gloves.
  7244 | Lair:1   | 7244 ||| DROPPING ring of resist corrosion.
  7245 | Lair:1   | 7245 ||| UPGRADING to +4 ring of slaying {mikee}.
  7247 | Lair:1   | 7247 ||| DROPPING ring of ice.
  7275 | Lair:2   | 7275 ||| PLANNING GAUNTLET
  7293 | Lair:2   | Reached **** piety under Okawaru
  7294 | Lair:2   | Reached skill level 3 in Armour
  7296 | Lair:2   | 7296 ||| RETREEEEATING.
  7431 | Lair:2   | Noticed a seven-headed hydra
  7432 | Lair:2   | 7432 ||| INVOKING Finesse.
  7436 | Lair:2   | Killed a seven-headed hydra
  7495 | Lair:2   | Noticed Gastronok
  7496 | Lair:2   | 7496 ||| ZAPPING wand of quicksilver (22) at -7,-4
                  | (Gastronok; floor).
  7497 | Lair:2   | 7497 ||| ZAPPING wand of quicksilver (21) at -7,-4
                  | (Gastronok; floor).
  7498 | Lair:2   | 7498 ||| INVOKING Finesse.
  7507 | Lair:2   | Reached skill level 6 in Invocations
  7520 | Lair:2   | Killed Gastronok
  7534 | Lair:2   | 7534 ||| INVOKING Finesse.
  7698 | Lair:2   | 7698 ||| READING scroll of enchant armour.
  7698 | Lair:2   | 7698 ||| ENCHANTING +0 swamp dragon scales.
  7719 | Lair:2   | 7719 ||| RETREEEEATING.
  7736 | Lair:2   | 7736 ||| RETREEEEATING.
  7800 | Lair:2   | Found a gate leading to a gauntlet.
  7809 | Gauntlet | Entered a Gauntlet
  7809 | Gauntlet | Found a transporter.
  7819 | Gauntlet | Found a transporter.
  7821 | Gauntlet | Found a transporter.
  7822 | Gauntlet | Found a transporter.
  7830 | Gauntlet | Found a transporter.
  7833 | Gauntlet | Found a transporter.
  7834 | Gauntlet | Found a transporter.
  7843 | Gauntlet | Found a transporter.
  7846 | Gauntlet | Found a transporter.
  7847 | Gauntlet | Found a transporter.
  7850 | Gauntlet | Noticed a death drake
  7855 | Gauntlet | Found a transporter.
  7859 | Gauntlet | Found a transporter.
  7860 | Gauntlet | Found a transporter.
  7866 | Gauntlet | Found a runed translucent gate.
  7868 | Gauntlet | Found a transporter.
  7869 | Gauntlet | Found a runed translucent gate.
  7870 | Gauntlet | Found a runed translucent gate.
  7962 | Gauntlet | Reached skill level 8 in Dodging
  7963 | Gauntlet | Reached ***** piety under Okawaru
  8020 | Gauntlet | 8020 ||| READING scroll of identify.
  8020 | Gauntlet | 8020 ||| IDENTIFYING 2 red potions
  8041 | Gauntlet | Noticed a minotaur
  8042 | Gauntlet | 8042 ||| INVOKING Finesse.
  8047 | Gauntlet | Killed a minotaur
  8048 | Gauntlet | Reached XP level 12. HP: 51/68 MP: 13/19
  8161 | Gauntlet | 8161 ||| UPGRADING to +0 pair of boots.
  8175 | Lair:2   | 8175 ||| PLANNING LAIR
  8246 | Lair:2   | Found a runed translucent gate.
  8246 | Lair:2   | Found a runed translucent gate.
  8246 | Lair:2   | Noticed a 12-headed hydra
  8247 | Lair:2   | Found a runed translucent gate.
  8247 | Lair:2   | Noticed qw's ghost (journeyman DEHu)
  8248 | Lair:2   | Noticed an 11-headed hydra
  8431 | Lair:2   | 8431 ||| READING scroll of enchant armour.
  8431 | Lair:2   | 8431 ||| ENCHANTING +1 swamp dragon scales.
  8666 | Lair:3   | Noticed a seven-headed hydra
  8667 | Lair:3   | 8667 ||| INVOKING Finesse.
  8670 | Lair:3   | Killed a seven-headed hydra
  9023 | Lair:3   | Reached skill level 6 in Fighting
  9315 | Lair:3   | Found a staircase to the Snake Pit.
  9331 | Lair:3   | Reached skill level 9 in Invocations
  9351 | Lair:3   | Noticed a six-headed hydra
  9352 | Lair:3   | 9352 ||| INVOKING Finesse.
  9357 | Lair:3   | Killed a six-headed hydra
  9456 | Lair:3   | Found a staircase to the Shoals.
  9869 | Lair:4   | 9869 ||| RETREEEEATING.
  9871 | Lair:4   | 9871 ||| RETREEEEATING.
  9872 | Lair:4   | 9872 ||| INVOKING Finesse.
  9873 | Lair:4   | 9873 ||| STAIRDANCE
 10086 | Lair:4   | Reached skill level 9 in Dodging
 10237 | Lair:4   | 10237 ||| READING scroll of enchant weapon.
 10237 | Lair:4   | 10237 ||| ENCHANTING +6 longbow of draining.
 10671 | Lair:4   | 10671 ||| READING 5 scrolls of identify.
 10671 | Lair:4   | 10671 ||| IDENTIFYING glowing red potion
 10672 | Lair:4   | 10672 ||| DROPPING potion of lignification.
 10700 | Lair:5   | Entered Level 5 of the Lair of Beasts
 10702 | Lair:5   | 10702 ||| STAIRDANCE
 10711 | Lair:5   | 10711 ||| STAIRDANCE
 10736 | Lair:5   | 10736 ||| STAIRDANCE
 10738 | Lair:4   | 10738 ||| RETREEEEATING.
 10739 | Lair:4   | 10739 ||| RETREEEEATING.
 10740 | Lair:4   | 10740 ||| RETREEEEATING.
 10741 | Lair:4   | 10741 ||| RETREEEEATING.
 10742 | Lair:4   | 10742 ||| RETREEEEATING.
 10743 | Lair:4   | 10743 ||| RETREEEEATING.
 10744 | Lair:4   | 10744 ||| RETREEEEATING.
 10746 | Lair:4   | 10746 ||| RETREEEEATING.
 10747 | Lair:4   | 10747 ||| RETREEEEATING.
 10861 | Lair:5   | 10861 ||| STAIRDANCE
 10863 | Lair:4   | 10863 ||| RETREEEEATING.
 10864 | Lair:4   | 10864 ||| RETREEEEATING.
 11018 | Lair:5   | Found a viscous altar of Jiyva.
 11019 | Lair:5   | Found a staircase to the Slime Pits.
 11031 | Lair:5   | Noticed a five-headed hydra
 11032 | Lair:5   | 11032 ||| INVOKING Finesse.
 11037 | Lair:5   | Killed a five-headed hydra
 11038 | Lair:5   | Reached skill level 10 in Dodging
 11134 | Lair:5   | Noticed a death yak
 11134 | Lair:5   | Noticed a death yak
 11135 | Lair:5   | 11135 ||| RETREEEEATING.
 11136 | Lair:5   | 11136 ||| RETREEEEATING.
 11138 | Lair:5   | 11138 ||| RETREEEEATING.
 11141 | Lair:5   | 11141 ||| RETREEEEATING.
 11142 | Lair:5   | 11142 ||| ZAPPING wand of quicksilver (20) at -3,-2 (death
                  | yak; floor).
 11143 | Lair:5   | 11143 ||| ZAPPING wand of quicksilver (19) at -2,-2 (death
                  | yak; floor).
 11144 | Lair:5   | 11144 ||| INVOKING Finesse.
 11153 | Lair:5   | Killed a death yak
 11157 | Lair:5   | Noticed a death yak
 11160 | Lair:5   | Killed a death yak
 11168 | Lair:5   | Killed a death yak
 11168 | Lair:5   | Received a gift from Okawaru
 11169 | Lair:5   | Reached XP level 13. HP: 55/76 MP: 17/22
 11286 | Lair:5   | 11286 ||| RETREEEEATING.
 11292 | Lair:5   | 11292 ||| RETREEEEATING.
 11293 | Lair:5   | 11293 ||| RETREEEEATING.
 11294 | Lair:5   | 11294 ||| RETREEEEATING.
 11295 | Lair:5   | 11295 ||| RETREEEEATING.
 11296 | Lair:5   | 11296 ||| RETREEEEATING.
 11297 | Lair:5   | 11297 ||| RETREEEEATING.
 11557 | Lair:5   | Reached skill level 11 in Dodging
 11562 | Lair:5   | 11562 ||| RETREEEEATING.
 11563 | Lair:5   | 11563 ||| RETREEEEATING.
 11564 | Lair:5   | 11564 ||| RETREEEEATING.
 11794 | Lair:5   | 11794 ||| RETREEEEATING.
 11798 | Lair:5   | 11798 ||| RETREEEEATING.
 11800 | Lair:5   | 11800 ||| RETREEEEATING.
 11804 | Lair:5   | 11804 ||| RETREEEEATING.
 11806 | Lair:5   | 11806 ||| RETREEEEATING.
 11907 | Lair:5   | 11907 ||| INVOKING Finesse.
 12011 | Lair:5   | Reached skill level 9 in Fighting
 12137 | Lair:5   | 12137 ||| RETREEEEATING.
 12139 | Lair:5   | 12139 ||| RETREEEEATING.
 12141 | Lair:5   | 12141 ||| RETREEEEATING.
 12142 | Lair:5   | 12142 ||| RETREEEEATING.
 12143 | Lair:5   | 12143 ||| RETREEEEATING.
 12147 | Lair:5   | 12147 ||| ZAPPING wand of quicksilver (18) at 1,-3 (wolf
                  | spider; floor).
 12149 | Lair:5   | 12149 ||| INVOKING Finesse.
 12156 | Lair:5   | Reached skill level 6 in Armour
 12196 | Lair:5   | 12196 ||| READING scroll of enchant weapon.
 12196 | Lair:5   | 12196 ||| ENCHANTING +7 longbow of draining.
 12332 | Lair:5   | 12332 ||| INVOKING Finesse.
 12346 | Lair:5   | Received a gift from Okawaru
 12364 | Lair:5   | 12364 ||| INVOKING Heroism.
 12369 | Lair:5   | 12369 ||| INVOKING Finesse.
 12375 | Lair:5   | Reached skill level 12 in Dodging
 12914 | Lair:5   | 12914 ||| RETREEEEATING.
 12919 | Lair:5   | 12919 ||| RETREEEEATING.
 12920 | Lair:5   | 12920 ||| RETREEEEATING.
 12922 | Lair:5   | 12922 ||| RETREEEEATING.
 12923 | Lair:5   | 12923 ||| RETREEEEATING.
 12924 | Lair:5   | 12924 ||| RETREEEEATING.
 12925 | Lair:5   | 12925 ||| INVOKING Finesse.
 13110 | Lair:5   | 13110 ||| RETREEEEATING.
 13119 | Lair:5   | 13119 ||| INVOKING Finesse.
 13120 | Lair:5   | 13120 ||| INVOKING Heroism.
 13201 | Lair:5   | 13201 ||| INVOKING Finesse.
 13202 | Lair:5   | 13202 ||| INVOKING Heroism.
 13263 | Lair:5   | Identified the maw talisman "Nyesi" {rElec rPois rC- Str-2
                  | Dex+5}
 13334 | Lair:5   | 13334 ||| INVOKING Finesse.
 13335 | Lair:5   | 13335 ||| INVOKING Heroism.
 13482 | Lair:5   | 13482 ||| PLANNING D:1-11
 13482 | Lair:5   | 13482 ||| UPGRADING to amulet of reflection.
 13487 | Lair:5   | 13487 ||| DROPPING ring of Xom's Entertainment {rC+
                  | Stlth+}.
 13488 | Lair:5   | 13488 ||| UPGRADING to +5 ring of evasion.
 13490 | Lair:5   | 13490 ||| DROPPING ring of resist corrosion.
 13491 | Lair:5   | 13491 ||| READING 6 scrolls of identify.
 13491 | Lair:5   | 13491 ||| IDENTIFYING white potion
 13492 | Lair:5   | 13492 ||| READING 5 scrolls of identify.
 13492 | Lair:5   | 13492 ||| IDENTIFYING 2 murky sapphire potions
 13493 | Lair:5   | 13493 ||| READING 4 scrolls of identify.
 13493 | Lair:5   | 13493 ||| IDENTIFYING scroll labelled XAEPEH OTHREOMP
 13494 | Lair:5   | 13494 ||| DROPPING 2 scrolls of silence.
 13495 | Lair:5   | 13495 ||| DROPPING 2 potions of brilliance.
 13496 | Lair:5   | 13496 ||| DROPPING scroll of torment.
 13802 | D:9      | 13802 ||| READING scroll of enchant weapon.
 13802 | D:9      | 13802 ||| ENCHANTING +8 longbow of draining.
 13876 | D:9      | Reached XP level 14. HP: 88/88 MP: 23/23
 14127 | D:9      | Found an ornate altar of the Wu Jian Council.
 14392 | D:9      | 14392 ||| READING 3 scrolls of identify.
 14392 | D:9      | 14392 ||| IDENTIFYING golden potion
 14393 | D:9      | 14393 ||| DROPPING potion of attraction.
 14431 | D:10     | Entered Level 10 of the Dungeon
 14478 | D:10     | Reached skill level 13 in Dodging
 14676 | D:10     | Found a stormy altar of Qazlal.
 14836 | D:10     | Found a burning altar of Makhleb.
 14890 | D:10     | 14890 ||| READING 5 scrolls of identify.
 14890 | D:10     | 14890 ||| IDENTIFYING ruby potion
 15279 | D:11     | Received a gift from Okawaru
 15297 | D:11     | 15297 ||| PLANNING D
 15297 | D:11     | 15297 ||| UPGRADING to +2 helmet.
 15307 | D:11     | 15307 ||| DROPPING +2 hat.
 15733 | D:12     | Found a staircase to the Orcish Mines.
 15915 | D:12     | 15915 ||| RETREEEEATING.
 15929 | D:12     | 15929 ||| RETREEEEATING.
 15933 | D:12     | 15933 ||| INVOKING Finesse.
 16321 | D:12     | 16321 ||| RETREEEEATING.
 16323 | D:12     | 16323 ||| RETREEEEATING.
 16325 | D:12     | 16325 ||| RETREEEEATING.
 16368 | D:12     | HP: 20/88 [skeletal warrior/+0 trident (19)]
 16369 | D:12     | 16369 ||| READING 7 scrolls of teleportation.
 16370 | D:12     | 16370 ||| DRINKING 4 potions of heal wounds.
 16608 | D:12     | 16608 ||| RETREEEEATING.
 16618 | D:12     | 16618 ||| RETREEEEATING.
 16619 | D:12     | 16619 ||| RETREEEEATING.
 16620 | D:12     | 16620 ||| RETREEEEATING.
 16636 | D:12     | HP: 20/88 [skeletal warrior/+0 trident (11)]
 16637 | D:12     | 16637 ||| READING 6 scrolls of teleportation.
 16638 | D:12     | 16638 ||| DRINKING 3 potions of heal wounds.
 16641 | D:12     | HP: 14/88 [skeletal warrior/+0 trident (14)]
 16642 | D:12     | 16642 ||| DRINKING 2 potions of heal wounds.
 16799 | D:12     | Reached skill level 14 in Dodging
 16864 | D:12     | 16864 ||| READING 4 scrolls of identify.
 16864 | D:12     | 16864 ||| IDENTIFYING brown potion
 16865 | D:12     | 16865 ||| DROPPING potion of degeneration.
 17004 | D:13     | 17004 ||| INVOKING Finesse.
 17248 | D:13     | 17248 ||| RETREEEEATING.
 17249 | D:13     | 17249 ||| RETREEEEATING.
 17250 | D:13     | 17250 ||| RETREEEEATING.
 17251 | D:13     | 17251 ||| RETREEEEATING.
 17252 | D:13     | 17252 ||| RETREEEEATING.
 17253 | D:13     | 17253 ||| RETREEEEATING.
 17254 | D:13     | 17254 ||| RETREEEEATING.
 17255 | D:13     | 17255 ||| RETREEEEATING.
 17256 | D:13     | 17256 ||| RETREEEEATING.
 17317 | D:13     | 17317 ||| RETREEEEATING.
 17321 | D:13     | 17321 ||| RETREEEEATING.
 17330 | D:13     | 17330 ||| READING 5 scrolls of teleportation.
 17517 | D:13     | 17517 ||| RETREEEEATING.
 17518 | D:13     | 17518 ||| RETREEEEATING.
 17519 | D:13     | 17519 ||| RETREEEEATING.
 17524 | D:13     | 17524 ||| READING 4 scrolls of teleportation.
 18171 | D:14     | Reached ****** piety under Okawaru
 18178 | D:14     | Received a gift from Okawaru
 18209 | D:14     | 18209 ||| INVOKING Receive Weapon.
 18209 | D:14     | 18209 ||| ACQUIRING +2 antimagic arbalest
 18209 | D:14     | Acquired a +2 antimagic arbalest
 18209 | D:14     | Received a gift from Okawaru
 18210 | D:14     | 18210 ||| INVOKING Receive Armour.
 18210 | D:14     | 18210 ||| ACQUIRING scarf of Tac Nuc {rC+ rF+, rElec}
 18210 | D:14     | Acquired the scarf of Tac Nuc {rC+ rF+, rElec}
 18210 | D:14     | Received a gift from Okawaru
 18211 | D:14     | 18211 ||| DROPPING +0 scale mail of fire resistance.
 18279 | D:14     | Reached skill level 9 in Armour
 18279 | D:14     | Noticed an ironbound preserver
 18280 | D:14     | 18280 ||| RETREEEEATING.
 18281 | D:14     | 18281 ||| RETREEEEATING.
 18282 | D:14     | 18282 ||| RETREEEEATING.
 18283 | D:14     | 18283 ||| RETREEEEATING.
 18284 | D:14     | 18284 ||| RETREEEEATING.
 18285 | D:14     | 18285 ||| RETREEEEATING.
 18290 | D:14     | HP: 22/90 [centaur warrior/arrow (3)]
 18291 | D:14     | 18291 ||| READING 3 scrolls of teleportation.
 18292 | D:14     | 18292 ||| DRINKING 2 potions of heal wounds.
 18624 | D:14     | 18624 ||| INVOKING Finesse.
 18632 | D:14     | Killed an ironbound preserver
 18766 | D:14     | Reached XP level 15. HP: 84/94 MP: 24/24
 18835 | D:14     | 18835 ||| Stepping ~*~*~tactically~*~*~ (cloud).
 19070 | D:14     | Found a gate to the Vaults.
 19224 | D:14     | Reached skill level 15 in Dodging
 19244 | D:14     | Received a gift from Okawaru
 19445 | D:14     | 19445 ||| UPGRADING to scarf of Tac Nuc {rC+ rF+, rElec}.
 19455 | D:14     | 19455 ||| DROPPING scarf of shadows.
 19456 | D:14     | 19456 ||| UPGRADING to +2 pair of gloves of hurling.
 19466 | D:14     | 19466 ||| DROPPING +0 pair of gloves.
 19537 | D:15     | Entered Level 15 of the Dungeon
 19759 | D:15     | Found a shimmering altar of Xom.
 19793 | D:15     | Found a shimmering altar of Xom.
 19794 | D:15     | Found a shimmering altar of Xom.
 19794 | D:15     | Found a shimmering altar of Xom.
 19870 | D:15     | Reached skill level 16 in Dodging
 20308 | D:15     | Received a gift from Okawaru
 20377 | D:15     | Found a staircase to the Depths.
 20479 | D:15     | 20479 ||| PLANNING ORC
 20603 | Orc:1    | Entered Level 1 of the Orcish Mines
 20612 | Orc:1    | 20612 ||| STAIRDANCE
 20639 | Orc:1    | 20639 ||| STAIRDANCE
 20646 | Orc:1    | 20646 ||| STAIRDANCE
 20651 | Orc:1    | 20651 ||| STAIRDANCE
 20816 | Orc:2    | Entered Level 2 of the Orcish Mines
 20816 | Orc:2    | Noticed Nessos
 20816 | Orc:2    | Found Varon's Distillery.
 20819 | Orc:2    | Killed Nessos
 20957 | Orc:2    | 20957 ||| BUYING 2 potions of heal wounds (140 gold).
 20957 | Orc:2    | Bought 2 potions of heal wounds for 140 gold pieces
 20957 | Orc:2    | 20957 ||| BUYING potion of curing (42 gold).
 20957 | Orc:2    | Bought a potion of curing for 42 gold pieces
 20957 | Orc:2    | 20957 ||| BUYING potion of enlightenment (70 gold).
 20957 | Orc:2    | Bought a potion of enlightenment for 70 gold pieces
 20957 | Orc:2    | 20957 ||| BUYING potion of might (56 gold).
 20957 | Orc:2    | Bought a potion of might for 56 gold pieces
 20957 | Orc:2    | 20957 ||| BUYING potion of mutation (112 gold).
 20957 | Orc:2    | Bought a potion of mutation for 112 gold pieces
 20957 | Orc:2    | 20957 ||| BUYING potion of resistance (140 gold).
 20957 | Orc:2    | Bought a potion of resistance for 140 gold pieces
 20961 | Orc:2    | Found a staircase to the Elven Halls.
 20980 | Orc:1    | 20980 ||| INVOKING Finesse.
 21009 | Orc:1    | Reached skill level 12 in Fighting
 21300 | Orc:2    | Found Neocusur's Jewellery Emporium.
 21311 | Orc:2    | 21311 ||| BUYING +5 ring of evasion (432 gold).
 21311 | Orc:2    | Bought a +5 ring of evasion for 432 gold pieces
 21422 | Orc:2    | 21422 ||| RETREEEEATING.
 21422 | Orc:2    | Found Viego Dyro's Jewellery Emporium.
 21916 | Orc:2    | Found Ititel's Weapon Emporium.
 21976 | Orc:2    | Found a runed translucent door.
 21977 | Orc:2    | Found a shimmering altar of Xom.
 21977 | Orc:2    | Noticed qw's ghost (journeyman GrHu)
 22038 | Orc:2    | Received a gift from Okawaru
 22042 | Orc:2    | 22042 ||| RETREEEEATING.
 22045 | Orc:2    | 22045 ||| RETREEEEATING.
 22054 | Orc:2    | 22054 ||| RETREEEEATING.
 22055 | Orc:2    | 22055 ||| RETREEEEATING.
 22056 | Orc:2    | 22056 ||| RETREEEEATING.
 22057 | Orc:2    | 22057 ||| RETREEEEATING.
 22062 | Orc:2    | Reached skill level 17 in Dodging
 22069 | Orc:2    | 22069 ||| RETREEEEATING.
 22069 | Orc:2    | Gained mutation: You are clumsy. (Dex -2) [a neqoxec]
 22075 | Orc:2    | 22075 ||| INVOKING Finesse.
 22168 | Orc:2    | 22168 ||| RETREEEEATING.
 22169 | Orc:2    | 22169 ||| RETREEEEATING.
 22269 | Orc:2    | Found Xapiath's Antique Weapon Boutique.
 22271 | Orc:2    | Found Otooraam's Antique Armour Shop.
 22368 | Orc:2    | Found Maafurod's Jewellery Emporium.
 22445 | Orc:2    | 22445 ||| PLANNING SHOALS:1-3
 22445 | Orc:2    | 22445 ||| UPGRADING to +5 ring of evasion.
 22447 | Orc:2    | 22447 ||| UPGRADING to +0 hat of see invisible.
 22457 | Orc:2    | 22457 ||| DROPPING +4 ring of slaying {mikee}.
 22458 | Orc:2    | 22458 ||| DROPPING ring of see invisible.
 22748 | Shoals:1 | Entered Level 1 of the Shoals
 23295 | Shoals:1 | Received a gift from Okawaru
 23504 | Shoals:1 | 23504 ||| RETREEEEATING.
 23507 | Shoals:1 | 23507 ||| FLEEEEING.
 23511 | Shoals:1 | HP: 10/98 [merfolk javelineer/silver javelin (15)]
 23512 | Shoals:1 | 23512 ||| READING 2 scrolls of teleportation.
 23513 | Shoals:1 | 23513 ||| DRINKING 4 potions of heal wounds.
 23513 | Shoals:1 | HP: 3/98 [merfolk javelineer/silver javelin (4)]
 23514 | Shoals:1 | 23514 ||| DRINKING 3 potions of heal wounds.
 23525 | Shoals:1 | 23525 ||| FLEEEEING.
 23526 | Shoals:1 | 23526 ||| FLEEEEING.
 23736 | Shoals:2 | 23736 ||| STAIRDANCE
 23741 | Shoals:1 | Reached XP level 16. HP: 87/104 MP: 25/25
 23796 | Shoals:2 | 23796 ||| STAIRDANCE
 24079 | Shoals:2 | 24079 ||| INVOKING Finesse.
 24097 | Shoals:2 | Reached skill level 18 in Dodging
 24126 | Shoals:2 | Found a runed translucent door.
 24127 | Shoals:2 | Noticed xzight's ghost (adept MiBe)
 24257 | Shoals:2 | Received a gift from Okawaru
 24289 | Shoals:2 | Found Bugucw's Self-Improvement Boutique.
 24570 | Shoals:2 | 24570 ||| RETREEEEATING.
 24596 | Shoals:2 | Found Minguwon's Jewellery Shoppe.
 24609 | Shoals:2 | 24609 ||| BUYING +6 ring of dexterity (612 gold).
 24609 | Shoals:2 | Bought a +6 ring of dexterity for 612 gold pieces
 24874 | Shoals:2 | 24874 ||| UPGRADING to +6 ring of dexterity.
 24876 | Shoals:2 | 24876 ||| DROPPING +5 ring of evasion.
 24909 | Shoals:3 | Received a gift from Okawaru
 24916 | Shoals:3 | 24916 ||| INVOKING Finesse.
 25229 | Shoals:3 | Found Fioseluo's General Store.
 25247 | Shoals:3 | Reached skill level 19 in Dodging
 25256 | Shoals:3 | HP: 23/106 [wind drake/the air (9)]
 25257 | Shoals:3 | 25257 ||| READING 3 scrolls of teleportation.
 25257 | Shoals:3 | HP: 7/106 [wind drake/the air (17)]
 25258 | Shoals:3 | 25258 ||| DRINKING 2 potions of heal wounds.
 25260 | Shoals:3 | 25260 ||| DRINKING potion of heal wounds.
 25484 | Shoals:3 | 25484 ||| BUYING potion of curing (45 gold).
 25484 | Shoals:3 | Bought a potion of curing for 45 gold pieces
 25484 | Shoals:3 | 25484 ||| BUYING scroll of teleportation (45 gold).
 25484 | Shoals:3 | Bought a scroll of teleportation for 45 gold pieces
 25484 | Shoals:3 | 25484 ||| BUYING wand of iceblast (3) (108 gold).
 25484 | Shoals:3 | Bought a wand of iceblast (3) for 108 gold pieces
 25484 | Shoals:3 | 25484 ||| BUYING wand of iceblast (4) (144 gold).
 25484 | Shoals:3 | Bought a wand of iceblast (4) for 144 gold pieces
 25489 | Shoals:3 | 25489 ||| READING scroll of brand weapon.
 25489 | Shoals:3 | 25489 ||| BRANDING +9 longbow of draining.
 25521 | Shoals:3 | Found Borausso's Weapon Shop.
 25599 | Shoals:3 | Received a gift from Okawaru
 25617 | Shoals:3 | Found Jomy's Antique Armour Emporium.
 25729 | Shoals:3 | 25729 ||| SHOPLISTING +5 robe of Night {Dark Will+ SInv}
                  | (1980 gold, have 1144).
 25729 | Shoals:3 | 25729 ||| BUYING shimmering scale mail (297 gold).
 25729 | Shoals:3 | Bought a shimmering scale mail for 297 gold pieces
 25729 | Shoals:3 | Identified the +1 scale mail of Xiklokk {rN+++ Regen+ Dex+3
                  | Slay-3} (You bought it in a shop on level 3 of the Shoals)
 26032 | Shoals:3 | Found an iron altar of Okawaru.
 26193 | Shoals:3 | 26193 ||| PLANNING SNAKE:1-3
 26261 | Shoals:1 | Reached skill level 20 in Dodging
 26360 | Snake:1  | Entered Level 1 of the Snake Pit
 26373 | Snake:1  | 26373 ||| RETREEEEATING.
 26447 | Snake:1  | Noticed Kirke
 26448 | Snake:1  | 26448 ||| ZAPPING wand of quicksilver (23) at 7,-3 (Kirke;
                  | shallow_water).
 26449 | Snake:1  | 26449 ||| ZAPPING wand of quicksilver (22) at 6,-3 (Kirke;
                  | shallow_water).
 26450 | Snake:1  | 26450 ||| ZAPPING wand of quicksilver (21) at 6,-3 (Kirke;
                  | shallow_water).
 26451 | Snake:1  | 26451 ||| ZAPPING wand of quicksilver (20) at 5,-2 (Kirke;
                  | shallow_water).
 26452 | Snake:1  | 26452 ||| ZAPPING wand of quicksilver (19) at 5,-2 (Kirke;
                  | shallow_water).
 26453 | Snake:1  | 26453 ||| ZAPPING wand of quicksilver (18) at 4,-1 (Kirke;
                  | shallow_water).
 26454 | Snake:1  | 26454 ||| ZAPPING wand of quicksilver (17) at 3,-2 (Kirke;
                  | shallow_water).
 26455 | Snake:1  | 26455 ||| ZAPPING wand of quicksilver (16) at 3,-2 (Kirke;
                  | shallow_water).
 26456 | Snake:1  | 26456 ||| RETREEEEATING.
 26457 | Snake:1  | 26457 ||| RETREEEEATING.
 26458 | Snake:1  | 26458 ||| ZAPPING wand of quicksilver (15) at 3,-3 (Kirke;
                  | floor).
 26459 | Snake:1  | 26459 ||| ZAPPING wand of quicksilver (14) at 2,-2 (Kirke;
                  | floor).
 26459 | Snake:1  | Killed Kirke
 26459 | Snake:1  | Received a gift from Okawaru
 26492 | Snake:1  | Noticed Louise
 26511 | Snake:1  | Killed Louise
 26512 | Snake:1  | Reached XP level 17. HP: 111/111 MP: 26/26
 26635 | Snake:1  | 26635 ||| INVOKING Finesse.
 26802 | Snake:1  | 26802 ||| READING scroll of brand weapon.
 26802 | Snake:1  | 26802 ||| BRANDING +9 longbow of electrocution.
 27071 | Snake:1  | Reached skill level 21 in Dodging
 27237 | Snake:1  | 27237 ||| INVOKING Finesse.
 27550 | Snake:2  | Received a gift from Okawaru
 27612 | Snake:2  | 27612 ||| RETREEEEATING.
 27614 | Snake:2  | 27614 ||| RETREEEEATING.
 27615 | Snake:2  | 27615 ||| INVOKING Finesse.
 27646 | Snake:2  | 27646 ||| INVOKING Finesse.
 27918 | Snake:2  | Reached skill level 21 in Ranged Weapons
 27967 | Snake:2  | 27967 ||| RETREEEEATING.
 27968 | Snake:2  | 27968 ||| RETREEEEATING.
 27969 | Snake:2  | 27969 ||| RETREEEEATING.
 27970 | Snake:2  | 27970 ||| RETREEEEATING.
 27971 | Snake:2  | 27971 ||| RETREEEEATING.
 27972 | Snake:2  | 27972 ||| RETREEEEATING.
 27973 | Snake:2  | 27973 ||| RETREEEEATING.
 27979 | Snake:2  | 27979 ||| RETREEEEATING.
 27980 | Snake:2  | 27980 ||| INVOKING Finesse.
 28252 | Snake:2  | 28252 ||| RETREEEEATING.
 28263 | Snake:2  | 28263 ||| RETREEEEATING.
 28571 | Snake:3  | 28571 ||| RETREEEEATING.
 28579 | Snake:3  | 28579 ||| INVOKING Finesse.
 28591 | Snake:3  | 28591 ||| INVOKING Heroism.
 28592 | Snake:3  | 28592 ||| DRINKING 2 potions of haste.
 28594 | Snake:3  | 28594 ||| ZAPPING wand of quicksilver (13) at 4,-2 (naga
                  | mage; floor).
 29011 | Snake:3  | Reached skill level 22 in Dodging
 29150 | Snake:3  | Received a gift from Okawaru
 29302 | Snake:3  | 29302 ||| RETREEEEATING.
 29303 | Snake:3  | 29303 ||| RETREEEEATING.
 29459 | Snake:3  | Found Gemmust's Book Shop.
 29472 | Snake:3  | 29472 ||| RETREEEEATING.
 29473 | Snake:3  | 29473 ||| RETREEEEATING.
 29474 | Snake:3  | 29474 ||| INVOKING Finesse.
 29499 | Snake:3  | 29499 ||| FLEEEEING.
 29501 | Snake:3  | 29501 ||| FLEEEEING.
 29502 | Snake:3  | 29502 ||| FLEEEEING.
 29503 | Snake:3  | 29503 ||| FLEEEEING.
 29751 | Snake:3  | 29751 ||| RETREEEEATING.
 29766 | Snake:3  | 29766 ||| INVOKING Finesse.
 30427 | Snake:3  | 30427 ||| PLANNING SHOALS:4
 30621 | Shoals:4 | Entered Level 4 of the Shoals
 30706 | Shoals:4 | Reached skill level 15 in Fighting
 30745 | Shoals:4 | 30745 ||| RETREEEEATING.
 30746 | Shoals:4 | 30746 ||| RETREEEEATING.
 30747 | Shoals:4 | 30747 ||| INVOKING Finesse.
 30748 | Shoals:4 | 30748 ||| RETREEEEATING.
 30759 | Shoals:4 | HP: 22/113 [merfolk impaler/+3 demon trident of freezing
                  | (12)]
 30760 | Shoals:4 | 30760 ||| READING 7 scrolls of teleportation.
 30761 | Shoals:4 | 30761 ||| DRINKING 2 potions of heal wounds.
 30768 | Shoals:4 | HP: 26/113 [merfolk impaler/+1 demon trident of freezing
                  | (13)]
 30769 | Shoals:4 | 30769 ||| DRINKING potion of heal wounds.
 31080 | Shoals:4 | Noticed Mlioglotl
 31081 | Shoals:4 | 31081 ||| INVOKING Finesse.
 31085 | Shoals:4 | Received a gift from Okawaru
 31097 | Shoals:4 | 31097 ||| RETREEEEATING.
 31098 | Shoals:4 | 31098 ||| RETREEEEATING.
 31099 | Shoals:4 | 31099 ||| RETREEEEATING.
 31100 | Shoals:4 | 31100 ||| RETREEEEATING.
 31101 | Shoals:4 | 31101 ||| RETREEEEATING.
 31102 | Shoals:4 | 31102 ||| RETREEEEATING.
 31103 | Shoals:4 | 31103 ||| RETREEEEATING.
 31104 | Shoals:4 | 31104 ||| RETREEEEATING.
 31105 | Shoals:4 | 31105 ||| RETREEEEATING.
 31106 | Shoals:4 | 31106 ||| RETREEEEATING.
 31107 | Shoals:4 | 31107 ||| RETREEEEATING.
 31108 | Shoals:4 | 31108 ||| RETREEEEATING.
 31109 | Shoals:4 | 31109 ||| RETREEEEATING.
 31110 | Shoals:4 | 31110 ||| RETREEEEATING.
 31111 | Shoals:4 | 31111 ||| RETREEEEATING.
 31116 | Shoals:4 | Reached XP level 18. HP: 47/119 MP: 12/27
 31117 | Shoals:4 | Killed Mlioglotl
 31586 | Shoals:4 | Identified the +2 quarterstaff "Bykyxugy" {freeze, Stlth+}
 31628 | Shoals:4 | Found Toamnuq's Weapon Shop.
 31634 | Shoals:4 | Identified the +2 great sword of Patience {pain, rN+ Str+8
                  | Int-5}
 31667 | Shoals:4 | Identified the serpent talisman "Pysoch" {rElec Slay+3}
 31667 | Shoals:4 | Noticed Aizul
 31675 | Shoals:4 | Killed Aizul
 31701 | Shoals:4 | Identified the +11 hand axe of Vius {protect, *Rage rPois
                  | Dex+3}
 31730 | Shoals:4 | HP: 10/119 [water nymph/the raging water (32)]
 31730 | Shoals:4 | Identified the +4 falchion "Dragon's Tongue" {vamp, Str+5}
 31731 | Shoals:4 | 31731 ||| READING 7 scrolls of teleportation.
 31733 | Shoals:4 | Killed from afar by a water nymph

Levels and vault maps discovered:
D:1:      lightli_arrival_lavapool, layout_loops_cross,
          minmay_misc_feat_secret_circle, nicolae_houndstooth_variations
D:2:      layout_basic
D:3:      layout_loops_ring, uniq_terence
D:4:      layout_cave_pools, nicolae_uskayaw_dance_hall,
          worldfamousw_hep_ancestral_shrine
D:5:      layout_basic, mainiacjoe_overflow_24_doors,
          mainiacjoe_overflow_alcove_4
D:6:      layout_rooms, uniq_maggie
D:7:      layout_cave_pools, nicolae_ru_sacrificial_ziggurat,
          minmay_temple_entry_mist, uniq_maurice
D:8:      layout_rooms, grunt_lair_entry_orc_guard_hut
D:9:      layout_cave_pods, mainiacjoe_overflow_boulevard, lemuel_flame_loot_1
D:10:     layout_cave_pools, lightli_temple_of_fire,
          nicolae_qazlal_eye_of_the_storm
D:11:     minmay_twisted_water, layout_rooms, st_stairs_2, minmay_between
D:12:     layout_roguey [special_room_orc], david_orc_4, serial_aquarium,
          aquarium_bridge_long_joined [aquarium_subvault_bridge,
          aquarium_subvault_bridge, aquarium_subvault_window,
          aquarium_subvault_balcony, aquarium_subvault_wall,
          aquarium_subvault_wall], aquarium_bridge_straight
          [aquarium_subvault_bridge, aquarium_subvault_window,
          aquarium_subvault_bridge, aquarium_subvault_wall],
          aquarium_window_corridor_1, aquarium_window_fake, aquarium_window_2,
          aquarium_window_1, aquarium_view_2b, aquarium_view_2d
D:13:     minmay_wizard_corner, layout_irregular_city
D:14:     minmay_the_grid_octo_triangle [minmay_the_grid_octo_empty,
          minmay_the_grid_octo_prize_single_spiral,
          minmay_the_grid_octo_concentric], layout_small_grid,
          skrybe_vaults_entry_preservation, minmay_misc_feat_cross
D:15:     grunt_enter_depths_hoard, layout_loops_ring, xom_shifter_show
Temple:   minmay_temple_curvy_branch
Lair:1:   layout_loops_ring, nicolae_volcano_entry_s_turn,
          gammafunk_lair_bear_cave, lemuel_fruit_tree
Lair:2:   dreamdust_cave_troll, layout_gridlike, gammafunk_ghost_hydra_chop,
          gauntlet_entry_generic, grunt_megastairs_2, uniq_gastronok
Lair:3:   layout_long_grid, minmay_shoals_entry_lonely_mermaid,
          guppyfry_snake_entry_island, ldierk_geyser, dpeg_oklob_1
Lair:4:   layout_misc_corridors, serial_rivers, chequers_serial_rivers_micro_b,
          chequers_serial_rivers_micro_e, chequers_serial_rivers_micro_d,
          chequers_serial_rivers_small_3, evilmike_ambush
          [evilmike_ambush_outer_pillars, evilmike_ambush_inner_wall_1],
          infiniplex_staircase_pool, serial_bayou_shore_b
Lair:5:   hangedman_lair_caniforms_friends, layout_gridlike,
          hangedman_lair_tendril_chambers, slime_entry_1
Shoals:1: layout_shoals, st_sunken_temple
Shoals:2: cheibrodos_shoals_three_sisters, layout_shoals,
          ebering_ghost_reflecting_pool, serial_shops, shop,
          nicolae_shop_self_help, uniq_ilsuiw
Shoals:3: layout_shoals, serial_shops, shop, shop, nicolae_shop_hallway_plus,
          lemuel_centaur_altar
Shoals:4: shoals_end_grunt_ice, layout_shoals, serial_shops,
          nicolae_shop_tiny_waterfront, nicolae_shoals_loop_pool, uniq_aizul,
          uniq_mlioglotl
Snake:1:  layout_chambers, serial_bayou_shore_a, uniq_kirke, uniq_louise
Snake:2:  layout_misc_corridors, grunt_megastairs_1
Snake:3:  layout_honeycomb, serial_shops, nicolae_stop_n_shop_1, serial_bayou,
          serial_bayou_pond_e, serial_bayou_pond_e, serial_bayou_crossing,
          serial_bayou_pond_e, portal_ice_cave_entry_ice_statue_two,
          serial_bayou_lagoon_a
Orc:1:    layout_caves
Orc:2:    grunt_orc_community_town_hall, layout_diamond_mine,
          grunt_orc_community_big_house_1, grunt_orc_community_big_house_2,
          grunt_orc_community_house_2, grunt_orc_community_house_3,
          grunt_orc_community_house_3, grunt_orc_community_house_2,
          grunt_orc_community_house_3, grunt_orc_community_house_1,
          special_room, serial_shops, nicolae_shop_real_fake_doors,
          nicolae_shop_waterfront, ebering_ghost_xom,
          minmay_shop_enchanted_jewellery, uniq_nessos

Skill      XL: |  1  2  3  4  5  6  7  8  9 10 11 12 13 14 15 16 17 18 |
---------------+-------------------------------------------------------+-----
Ranged Weapons | 6 8 9 10 12 14 16 18 20 21 | 21.0
Fighting       | 2 3 4 5 7 10 11 13 14 15 | 15.0
Dodging        | 3 6 7 8 10 12 14 17 20 22 | 22.6
Armour         | 1 2 3 5 6 9 10 | 10.0
Invocations    | 2 4 7 10 | 10.0
Stealth        | |  1.2

Action                     |  1- 3 |  4- 6 |  7- 9 | 10-12 | 13-15 | 16-18 || total
---------------------------+-------+-------+-------+-------+-------+-------++-------
   Fire: Shortbow          |   123 |    16 |       |       |       |       ||   139
         Orcbow            |       |    52 |       |       |       |       ||    52
         Longbow           |       |    60 |   156 |   439 |  1477 |  1204 ||  3336
 Invoke: Heroism           |       |       |     1 |     5 |     4 |     1 ||    11
         Finesse           |       |       |       |     9 |    13 |    12 ||    34
         Receive Weapon    |       |       |       |       |     1 |       ||     1
         Receive Armour    |       |       |       |       |     1 |       ||     1
  Evoke: Wand              |       |       |       |     4 |     1 |    11 ||    16
    Use: Scroll            |     4 |     8 |     7 |     6 |    14 |     5 ||    44
         Potion            |       |     1 |     3 |     1 |     6 |     5 ||    16
 Armour: Leather armour    |     5 |       |       |       |       |       ||     5
         Ring mail         |    13 |    34 |     4 |       |       |       ||    51
         Scale mail        |     8 |       |       |       |       |       ||     8
         Swamp dragon scal |       |       |    47 |    95 |   268 |   205 ||   615
  Dodge: Dodged            |    35 |    23 |    29 |    82 |   514 |   627 ||  1310
  Block: Other             |       |       |       |       |    94 |    99 ||   193
         Reflection        |       |       |       |       |    12 |    22 ||    34

Table legend:
 A = Non-vault XP
 B = Vault XP
 C = Vault XP percentage of total XP
 D = Non-vault monster count
 E = Vault monster count
 F = Vault count percentage of total count
                 A         B        C        D         E       F
            +---------+---------+-------+---------+---------+-------
      Total |  198626 |  106988 |  35.0 |     658 |     355 |  35.0
            +---------+---------+-------+---------+---------+-------
        D:1 |      35 |       0 |   0.0 |      22 |       0 |   0.0
        D:2 |      26 |       0 |   0.0 |      14 |       0 |   0.0
        D:3 |     212 |      36 |  14.5 |      21 |       1 |   4.5
        D:4 |     379 |       0 |   0.0 |      25 |       0 |   0.0
        D:5 |     249 |       0 |   0.0 |       5 |       0 |   0.0
        D:6 |     804 |     395 |  32.9 |      15 |       1 |   6.2
        D:7 |    1743 |     520 |  23.0 |      21 |       1 |   4.5
        D:8 |    2813 |    1146 |  28.9 |      37 |       6 |  14.0
        D:9 |    1926 |       0 |   0.0 |      18 |       0 |   0.0
       D:10 |    1862 |       0 |   0.0 |      18 |       0 |   0.0
       D:11 |     975 |    3986 |  80.3 |      16 |      15 |  48.4
       D:12 |    9676 |    2677 |  21.7 |      27 |      42 |  60.9
       D:13 |    5052 |    3377 |  40.1 |      10 |       5 |  33.3
       D:14 |    6274 |   11117 |  63.9 |      15 |      18 |  54.5
       D:15 |    9333 |    1759 |  15.9 |      15 |       2 |  11.8
     Lair:1 |    4089 |     596 |  12.7 |      17 |       4 |  19.0
     Lair:2 |    4464 |    3066 |  40.7 |      22 |       5 |  18.5
     Lair:3 |    4930 |    1032 |  17.3 |      12 |       5 |  29.4
     Lair:4 |    3566 |    1380 |  27.9 |      13 |       5 |  27.8
     Lair:5 |    8039 |   21746 |  73.0 |      23 |      95 |  80.5
   Shoals:1 |   12130 |    6099 |  33.5 |      23 |       8 |  25.8
   Shoals:2 |   15567 |   10153 |  39.5 |      28 |      14 |  33.3
   Shoals:3 |   24263 |     445 |   1.8 |      53 |       4 |   7.0
   Shoals:4 |   14123 |   14705 |  51.0 |      27 |      18 |  40.0
    Snake:1 |   15439 |    4081 |  20.9 |      30 |       9 |  23.1
    Snake:2 |   17365 |    4531 |  20.7 |      33 |      11 |  25.0
    Snake:3 |   27651 |     937 |   3.3 |      54 |       2 |   3.6
      Orc:1 |    3682 |       0 |   0.0 |      26 |       0 |   0.0
      Orc:2 |    1959 |   11165 |  85.1 |      18 |      79 |  81.4
   Gauntlet |       0 |    2039 | 100.0 |       0 |       5 | 100.0
            +---------+---------+-------+---------+---------+-------
